MLB
MINNESOTA TWINS @ PHILADELPHIA PHILLIES
08/29/2098
 
TOP OF THE 1ST
Minnesota Twins batting - Pitching for Philadelphia Phillies : RHP Kyle O'Brien
Pitching: RHP Kyle O'Brien
Batting: RHB Chris Ward 0-0: Foul Ball, location: 5F
0-1: Ball
1-1: Called Strike
1-2: Ball
2-2: Fly out, F7 (Line Drive, 7, EV 96.9 MPH)
Batting: SHB Jim Whitlock 0-0: Ball
1-0: Foul Ball, location: 7LSF
1-1: Foul Ball, location: 25F
1-2: Foul Ball, location: 23F
1-2: Fly out, F7 (Flyball, 78M, EV 88.8 MPH)
Batting: SHB William Maki 0-0: Ball
1-0: Ball
2-0: Ball
3-0: Called Strike
3-1: Foul Ball, location: 2F
3-2: Foul Ball, location: 9LSFF
3-2: Foul Ball, location: 7LDF
3-2: Ground out 3-1 (Groundball, 3L, EV 96.3 MPH)
Top of the 1st over - 0 runs, 0 hits, 0 errors, 0 left on base; Minnesota 0 - Philadelphia 0
BOTTOM OF THE 1ST
Philadelphia Phillies batting - Pitching for Minnesota Twins : LHP Josh Schumann
Pitching: LHP Josh Schumann
Batting: SHB Tim Spotton 0-0: Foul Ball, location: 9LSF
0-1: Ball
1-1: Foul Ball, location: 2F
1-2: Foul Ball, location: 2F
1-2: SINGLE (Groundball, 4M, EV 90.0 MPH)
Batting: RHB Jason Waid 0-0: Foul Ball, location: 9LSF
0-1: Hit by Pitch
Tim Spotton to second
Batting: RHB Luis Esquivel 0-0: Fly out, F9 (Flyball, 89M, EV 81.9 MPH)
Batting: RHB David Schafer 0-0: Ball
1-0: Foul Ball, location: 2F
1-1: Called Strike
1-2: Foul Ball, location: 2F
1-2: Ball
2-2: Strikes out swinging
Batting: RHB Chad Larson 0-0: Ball
Wild Pitch!
Tim Spotton to third
Jason Waid to second
1-0: Ground out 4-3 (Groundball, 4, EV 77.5 MPH)
Bottom of the 1st over - 0 runs, 1 hit, 0 errors, 2 left on base; Minnesota 0 - Philadelphia 0
TOP OF THE 2ND
Minnesota Twins batting - Pitching for Philadelphia Phillies : RHP Kyle O'Brien
Batting: RHB Bill Widby 0-0: Ball
1-0: Fly out, F9 (Flyball, 9LM, EV 86.9 MPH)
Batting: LHB Emilio Gonzales 0-0: Fly out, F5 (Popup, 5L, EV 63.1 MPH)
Batting: SHB Dan Mayes 0-0: Foul Ball, location: 23F
0-1: Foul Ball, location: 7LSF
0-2: Ball
1-2: Ball
2-2: TRIPLE (Line Drive, 78D, EV 108.8 MPH)
Batting: RHB Joe Looby 0-0: Ball
1-0: Ball
2-0: Foul Ball, location: 2RF
2-1: Foul Ball, location: 7LSFF
2-2: Ball
3-2: SINGLE (Groundball, 4MD, EV 86.9 MPH) (infield hit)
Dan Mayes scores
Batting: RHB Greg Schuler 0-0: Called Strike
0-1: Ball
1-1: Ball
2-1: Ball
3-1: Swinging Strike
3-2: Foul Ball, location: 9LSF
3-2: Ground out 4-3 (Groundball, 4, EV 105.0 MPH)
Top of the 2nd over - 1 run, 2 hits, 0 errors, 1 left on base; Minnesota 1 - Philadelphia 0
BOTTOM OF THE 2ND
Philadelphia Phillies batting - Pitching for Minnesota Twins : LHP Josh Schumann
Batting: RHB Vicente Vargas 0-0: Swinging Strike
0-1: SINGLE (Groundball, 5D, EV 97.5 MPH)
Batting: RHB Ryan Klepper 0-0: Foul Ball, location: 9LDF
0-1: Foul Ball, location: 9LSF
0-2: Ball
1-2: Foul Ball, location: 2F
1-2: Fly out, F7 (Flyball, 7LSF, EV 89.4 MPH)
Batting: RHB Aaron Marler 0-0: Ball
1-0: Swinging Strike
1-1: Foul Ball, location: 23F
1-2: Foul Ball, location: 2F
1-2: Strikes out looking
Batting: RHB Josh Hester 0-0: Fly out, F4 (Popup, 4M, EV 76.3 MPH)
Bottom of the 2nd over - 0 runs, 1 hit, 0 errors, 1 left on base; Minnesota 1 - Philadelphia 0
TOP OF THE 3RD
Minnesota Twins batting - Pitching for Philadelphia Phillies : RHP Kyle O'Brien
Batting: LHB Chris Armstrong 0-0: Foul Ball, location: 5SF
0-1: Swinging Strike
0-2: Strikes out swinging
Batting: RHB Chris Ward 0-0: Ball
1-0: Ball
2-0: Ball
3-0: Called Strike
3-1: Foul Ball, location: 3F
3-2: SINGLE (Line Drive, 7S, EV 108.8 MPH)
Batting: SHB Jim Whitlock 0-0: Fly out, F5 (Popup, 56S, EV 81.9 MPH)
Batting: SHB William Maki 0-0: Ball
1-0: Ball
2-0: Fly out, F7 (Flyball, 7LM, EV 91.9 MPH)
Top of the 3rd over - 0 runs, 1 hit, 0 errors, 1 left on base; Minnesota 1 - Philadelphia 0
BOTTOM OF THE 3RD
Philadelphia Phillies batting - Pitching for Minnesota Twins : LHP Josh Schumann
Batting: SHB Tim Spotton 0-0: Called Strike
0-1: Foul Ball, location: 2F
0-2: Foul Ball, location: 3FF
0-2: Foul Ball, location: 2F
0-2: Ball
1-2: Foul Ball, location: 7LDF
1-2: Strikes out swinging
Batting: RHB Jason Waid 0-0: Ball
1-0: Called Strike
1-1: Fly out, F6 (Popup, 6M, EV 61.9 MPH)
Batting: RHB Luis Esquivel 0-0: Swinging Strike
0-1: Ball
1-1: Ball
2-1: Called Strike
2-2: Foul Ball, location: 2LF
2-2: Strikes out swinging
Bottom of the 3rd over - 0 runs, 0 hits, 0 errors, 0 left on base; Minnesota 1 - Philadelphia 0
TOP OF THE 4TH
Minnesota Twins batting - Pitching for Philadelphia Phillies : RHP Kyle O'Brien
Batting: RHB Bill Widby 0-0: Ground out 1-3 (Groundball, 13S, EV 68.1 MPH)
Batting: LHB Emilio Gonzales 0-0: Ball
1-0: Foul Ball, location: 7LSF
1-1: Ball
2-1: Fly out, F9 (Line Drive, 9S, EV 90.6 MPH)
Batting: SHB Dan Mayes 0-0: Called Strike
0-1: Foul Ball, location: 2F
0-2: Ball
1-2: Ball
2-2: SINGLE (Flyball, 3D, EV 86.9 MPH)
Batting: RHB Joe Looby 0-0: Ball
1-0: Foul Ball, location: 5SF
1-1: Ball
2-1: Ground out U3 (Groundball, 3S, EV 81.3 MPH)
Top of the 4th over - 0 runs, 1 hit, 0 errors, 1 left on base; Minnesota 1 - Philadelphia 0
BOTTOM OF THE 4TH
Philadelphia Phillies batting - Pitching for Minnesota Twins : LHP Josh Schumann
Batting: RHB David Schafer 0-0: Swinging Strike
0-1: Ball
1-1: Called Strike
1-2: Strikes out looking
Batting: RHB Chad Larson 0-0: Swinging Strike
0-1: Ball
1-1: Called Strike
1-2: Strikes out swinging
Batting: RHB Vicente Vargas 0-0: SOLO HOME RUN (Flyball, 9D, EV 100.0 MPH), Distance : 378 ft
Batting: RHB Ryan Klepper 0-0: Ground out U3 (Groundball, 34, EV 100.0 MPH)
Bottom of the 4th over - 1 run, 1 hit, 0 errors, 0 left on base; Minnesota 1 - Philadelphia 1
TOP OF THE 5TH
Minnesota Twins batting - Pitching for Philadelphia Phillies : RHP Kyle O'Brien
Batting: RHB Greg Schuler 0-0: Called Strike
0-1: Ball
1-1: Ball
2-1: Ball
3-1: Base on Balls
Batting: LHB Chris Armstrong 0-0: Ball
1-0: Ball
2-0: Ball
3-0: Foul Ball, location: 7LMF
3-1: Foul Ball, location: 2F
3-2: Foul Ball, location: 9LDF
3-2: Foul Ball, location: 25FF
3-2: Strikes out swinging
Batting: RHB Chris Ward 0-0: Foul Ball, location: 5SF
0-1: Swinging Strike
0-2: Foul Ball, location: 2F
0-2: Strikes out looking
Batting: SHB Jim Whitlock 0-0: Called Strike
0-1: Ball
1-1: TRIPLE (Flyball, 78XD, EV 105.6 MPH)
Greg Schuler scores
Batting: SHB William Maki 0-0: Ball
1-0: Foul Ball, location: 5SF
1-1: Ball
2-1: Ball
3-1: Foul Ball, location: 7LDF
3-2: Base on Balls
Batting: RHB Bill Widby 0-0: Ball
1-0: Called Strike
1-1: Ball
2-1: Foul Ball, location: 2F
2-2: Foul Ball, location: 2F
2-2: Foul Ball, location: 9LDF
2-2: Foul Ball, location: 2F
2-2: Ball
3-2: Foul Ball, location: 2F
3-2: Fly out, F7 (Flyball, 7S, EV 86.9 MPH)
Top of the 5th over - 1 run, 1 hit, 0 errors, 2 left on base; Minnesota 2 - Philadelphia 1
BOTTOM OF THE 5TH
Philadelphia Phillies batting - Pitching for Minnesota Twins : LHP Josh Schumann
Batting: RHB Aaron Marler 0-0: Ball
1-0: Swinging Strike
1-1: Foul Ball, location: 5F
1-2: Strikes out swinging
Batting: RHB Josh Hester 0-0: Ground out 5-3 (Groundball, 56S, EV 81.3 MPH)
Batting: SHB Tim Spotton 0-0: Ball
1-0: Called Strike
1-1: SINGLE (Groundball, 5L, EV 82.5 MPH)
Batting: RHB Jason Waid 0-0: Called Strike
0-1: 2-RUN HOME RUN (Line Drive, 78XD, EV 108.8 MPH), Distance : 428 ft
Batting: RHB Luis Esquivel 0-0: Called Strike
0-1: Called Strike
0-2: Ball
1-2: Ball
2-2: Ball
3-2: Fly out, F8 (Flyball, 78M, EV 93.8 MPH)
Bottom of the 5th over - 2 runs, 2 hits, 0 errors, 0 left on base; Minnesota 2 - Philadelphia 3
TOP OF THE 6TH
Minnesota Twins batting - Pitching for Philadelphia Phillies : RHP Kyle O'Brien
Pitching: LHP Bronson Kellerman
Batting: LHB Emilio Gonzales 0-0: Swinging Strike
0-1: SINGLE (Line Drive, 56D, EV 94.4 MPH)
Batting: SHB Dan Mayes 0-0: Called Strike
0-1: Foul Ball, location: 23F
0-2: Fielders Choice at 2nd, 6-4 (Groundball, 6, EV 78.8 MPH)
Batting: RHB Joe Looby 0-0: Called Strike
0-1: Called Strike
0-2: 2-RUN HOME RUN (Flyball, 9D, EV 96.9 MPH), Distance : 373 ft
Batting: RHB Greg Schuler 0-0: Called Strike
0-1: Fly out, F4 (Popup, 4MS, EV 76.3 MPH)
Batting: LHB Chris Armstrong 0-0: Foul Ball, location: 2F
0-1: Foul Ball, location: 3FF
0-2: SINGLE (Flyball, 8RS, EV 96.3 MPH)
Batting: RHB Chris Ward 0-0: Ball
1-0: Ball
2-0: Foul Ball, location: 9LMF
2-1: Fly out, F8 (Flyball, 8LM, EV 91.3 MPH)
Top of the 6th over - 2 runs, 3 hits, 0 errors, 1 left on base; Minnesota 4 - Philadelphia 3
BOTTOM OF THE 6TH
Philadelphia Phillies batting - Pitching for Minnesota Twins : LHP Josh Schumann
Now at 3B: Rogelio Rivera
Batting: RHB David Schafer 0-0: Called Strike
0-1: Ball
1-1: Ball
2-1: Ball
3-1: Swinging Strike
3-2: Strikes out looking
Batting: RHB Chad Larson 0-0: Foul Ball, location: 3F
0-1: Ball
1-1: Foul Ball, location: 9LSF
1-2: Ball
2-2: SINGLE (Groundball, 34D, EV 96.3 MPH)
Batting: RHB Vicente Vargas 0-0: Ball
1-0: Foul Ball, location: 3FF
1-1: Swinging Strike
1-2: Strikes out swinging
Pitching: LHP Jeff Downing
Batting: RHB Ryan Klepper 0-0: Foul Ball, location: 9LDF
0-1: Ball
1-1: Foul Ball, location: 5DF
1-2: SINGLE (Line Drive, 6D, EV 102.5 MPH)
Chad Larson to second
Batting: RHB Aaron Marler 0-0: Called Strike
0-1: Called Strike
0-2: Ball
1-2: Strikes out swinging
Bottom of the 6th over - 0 runs, 2 hits, 0 errors, 2 left on base; Minnesota 4 - Philadelphia 3
TOP OF THE 7TH
Minnesota Twins batting - Pitching for Philadelphia Phillies : LHP Bronson Kellerman
Pitching: RHP Dave Quiram
Batting: SHB Jim Whitlock 0-0: Ball
1-0: Called Strike
1-1: Ground out 4-3 (Groundball, 4, EV 103.1 MPH)
Batting: SHB William Maki 0-0: Foul Ball, location: 25FF
0-1: Called Strike
0-2: SINGLE (Line Drive, 78M, EV 102.5 MPH)
Batting: RHB Bill Widby 0-0: Swinging Strike
0-1: Grounds into double play, 5-4-3 (Groundball, 56, EV 83.8 MPH)
Top of the 7th over - 0 runs, 1 hit, 0 errors, 0 left on base; Minnesota 4 - Philadelphia 3
BOTTOM OF THE 7TH
Philadelphia Phillies batting - Pitching for Minnesota Twins : LHP Jeff Downing
Batting: RHB Josh Hester 0-0: Called Strike
0-1: Ball
1-1: SINGLE (Groundball, 4MD, EV 105.6 MPH)
Batting: SHB Tim Spotton 0-0: Ball
1-0: Ball
2-0: Ball
3-0: Base on Balls
Josh Hester to second
Batting: RHB Jason Waid 0-0: Ball
1-0: Ball
2-0: Ball
3-0: Fly out, F6 (Popup, 6MS, EV 76.9 MPH)
Batting: RHB Luis Esquivel 0-0: SINGLE (Groundball, 6MD, EV 101.3 MPH)
Josh Hester to third
Tim Spotton to second
Runner from 3rd tries for Home, SAFE, throw by CF to home
Batting: RHB David Schafer 0-0: Foul Ball, location: 9LMF
0-1: Foul Ball, location: 5F
0-2: Ball
1-2: Fly out, F8 (Flyball, 8RXD, EV 101.3 MPH)
Runner from 2nd tags up, SAFE at 3rd, no throw by CF
Pitching: LHP Andres Martines
Batting: RHB Chad Larson 0-0: Foul Ball, location: 2LF
0-1: Foul Ball, location: 5SF
0-2: Strikes out swinging
Bottom of the 7th over - 1 run, 2 hits, 0 errors, 2 left on base; Minnesota 4 - Philadelphia 4
TOP OF THE 8TH
Minnesota Twins batting - Pitching for Philadelphia Phillies : RHP Dave Quiram
Batting: RHB Rogelio Rivera 0-0: DOUBLE (Line Drive, 9LM, EV 93.8 MPH)
Batting: SHB Dan Mayes 0-0: Swinging Strike
0-1: Swinging Strike
0-2: Strikes out swinging
Batting: RHB Joe Looby 0-0: Swinging Strike
0-1: Foul Ball, location: 2F
0-2: Ball
1-2: Strikes out swinging
Batting: RHB Greg Schuler 0-0: Ball
1-0: Ground out 4-3 (Groundball, 4, EV 103.8 MPH)
Top of the 8th over - 0 runs, 1 hit, 0 errors, 1 left on base; Minnesota 4 - Philadelphia 4
BOTTOM OF THE 8TH
Philadelphia Phillies batting - Pitching for Minnesota Twins : LHP Andres Martines
Batting: RHB Vicente Vargas 0-0: Ground out 6-3 (Groundball, 6, EV 80.6 MPH)
Batting: RHB Ryan Klepper 0-0: Ball
1-0: Foul Ball, location: 2F
1-1: Swinging Strike
1-2: Foul Ball, location: 3DF
1-2: Fly out, F6 (Line Drive, 6M, EV 68.1 MPH)
Batting: RHB Aaron Marler 0-0: Swinging Strike
0-1: Called Strike
0-2: Strikes out looking
Bottom of the 8th over - 0 runs, 0 hits, 0 errors, 0 left on base; Minnesota 4 - Philadelphia 4
TOP OF THE 9TH
Minnesota Twins batting - Pitching for Philadelphia Phillies : RHP Dave Quiram
Pitching: LHP Jason Boles
Pinch Hitting: SHB Nick White 0-0: Swinging Strike
0-1: Foul Ball, location: 5F
0-2: Foul Ball, location: 2F
0-2: Strikes out swinging
Batting: RHB Chris Ward 0-0: Ball
1-0: Ball
2-0: Called Strike
2-1: Foul Ball, location: 2F
2-2: Strikes out looking
Batting: SHB Jim Whitlock 0-0: Ball
1-0: Called Strike
1-1: SINGLE (Groundball, 15S, EV 65.6 MPH) (infield hit)
Pitching: LHP Vince Booker
Batting: SHB William Maki 0-0: Ball
1-0: Ball
2-0: Ball
3-0: Called Strike
3-1: Base on Balls
Jim Whitlock to second
Batting: RHB Bill Widby 0-0: Called Strike
0-1: SINGLE (Groundball, 6MD, EV 96.9 MPH)
Jim Whitlock to third
William Maki to second
Runner from 3rd tries for Home, SAFE, throw by CF to home
Batting: RHB Rogelio Rivera 0-0: Swinging Strike
0-1: Called Strike
0-2: Strikes out swinging
Top of the 9th over - 1 run, 2 hits, 0 errors, 2 left on base; Minnesota 5 - Philadelphia 4
BOTTOM OF THE 9TH
Philadelphia Phillies batting - Pitching for Minnesota Twins : LHP Andres Martines
Pitching: RHP Matt Gromaski
Now at C: Jake Landen
Pinch Hitting: SHB Pete Ray 0-0: Called Strike
0-1: Foul Ball, location: 25F
0-2: Ball
1-2: Foul Ball, location: 2F
1-2: Foul Ball, location: 2F
1-2: Fly out, F8 (Flyball, 8RD, EV 100.6 MPH)
Batting: SHB Tim Spotton 0-0: Ball
1-0: SOLO HOME RUN (Flyball, 9D, EV 99.4 MPH), Distance : 386 ft
Batting: RHB Jason Waid 0-0: SINGLE (Line Drive, 6D, EV 95.0 MPH)
Batting: RHB Luis Esquivel 0-0: Foul Ball, location: 2F
0-1: Foul Ball, location: 3FF
0-2: Ball
1-2: Fly out, F9 (Flyball, 9S, EV 92.5 MPH)
Batting: RHB David Schafer 0-0: DOUBLE (Line Drive, 89M, EV 88.8 MPH)
Jason Waid to third
Batting: RHB Chad Larson 0-0: Ball
Wild Pitch!
Jason Waid scores
Bottom of the 9th over - 2 runs, 3 hits, 0 errors, 1 left on base; Minnesota 5 - Philadelphia 6
Sunday, April 14th , 2024 - OOTP Baseball 24.11 Build 85